 Dungeon Crawl Stone Soup version 0.18.1-47-g9310371 (webtiles) character file.

1565 dvd the Firebug (level 8, 0/61 HPs)
             Began as a Demigod Fire Elementalist on June 23, 2016.
             Slain by a red ugly thing (8 damage)
             ... on level 7 of the Dungeon.
             The game lasted 00:27:11 (7360 turns).

dvd the Firebug (Demigod Fire Elementalist)         Turns: 7360, Time: 00:27:12

Health: 0/61       AC:  6    Str: 11    XL:     8   Next: 33%
Magic:  18/18      EV: 14    Int: 25    God:
Gold:   385        SH:  0    Dex: 23    Spells: 4 memorised, 4 levels left

rFire  + . .     SeeInvis .     y - +3 dagger (venom)
rCold  + . .     Gourm    .     A - +0 leather armour of Keuzaur {rC+ Dex+5} (curse)
rNeg   . . .     Faith    .     (no shield)
rPois  .         Spirit   .     (helmet restricted)
rElec  .         Dismiss  .     (no cloak)
rCorr  .         Reflect  .     (no gloves)
SustAt +         Harm     .     k - +2 pair of boots
MR     .....                    (no amulet)
Stlth  +++.......               (no ring)
                                h - ring of wizardry

@: about to teleport, not resistant to hostile enchantments, fairly stealthy
A: horns 1, agile 1, clever 1, fire resistance 1, high mp 1, sustain attributes
a: no special abilities


You were on level 7 of the Dungeon.
You were not hungry.

You visited 1 branch of the dungeon, and saw 7 of its levels.
You also visited: Ossuary.

You collected 385 gold pieces.

Inventory:

Hand Weapons
 y - a +3 dagger of venom (weapon)
 z - a +0 falchion
Missiles
 f - 15 tomahawks (quivered)
 t - 8 javelins
Armour
 k - a +2 pair of boots (worn)
 A - the cursed +0 leather armour of Keuzaur (worn) {rC+ Dex+5}
   (You found it on level 4 of the Dungeon)

   It affects your dexterity (+5).
   It protects you from cold.
   It has a curse placed upon it.
 G - a +0 buckler
Jewellery
 h - a ring of wizardry (left hand)
Wands
 a - a wand of paralysis (9/24)
 j - a wand of lightning (11/15)
 p - a wand of slowing (25/48)
 D - a wand of digging (16/24)
Scrolls
 d - 7 scrolls of remove curse
 g - 7 scrolls of identify
 m - 4 scrolls of teleportation
 q - a scroll of recharging
 r - a scroll of fog {unknown}
 E - a scroll of fear {unknown}
 H - a scroll of amnesia
Potions
 e - 3 potions of agility
 i - a potion of resistance {unknown}
 l - 2 potions of degeneration {unknown}
 n - 2 potions of curing
 u - a potion of heal wounds {unknown}
 v - a potion of cancellation {unknown}
 w - a potion of brilliance {unknown}
 x - 3 potions of lignification {unknown}
 B - 3 potions of flight {unknown}
 C - 2 potions of invisibility {unknown}
 I - a potion of might {unknown}
Books
 b - a book of Flames

   Spells                             Type                      Level
   a - Flame Tongue                   Conjuration/Fire             1
   b - Throw Flame                    Conjuration/Fire             2
   c - Conjure Flame                  Conjuration/Fire             3
   d - Inner Flame                    Hexes/Fire                   3
   e - Sticky Flame                   Conjuration/Fire             4
   f - Fireball                       Conjuration/Fire             5
 J - a book of Unlife

   Spells                             Type                      Level
   a - Recall                         Summoning/Translocation      3
   b - Animate Dead                   Necromancy                   4
   c - Control Undead                 Necromancy                   4
   d - Cigotuvi's Embrace             Necromancy                   5
   e - Death Channel                  Necromancy                   6
   f - Simulacrum                     Ice/Necromancy               6
Comestibles
 c - 4 bread rations
 o - a meat ration
 s - 4 beef jerkies
 F - 3 fruits
 K - a royal jelly


   Skills:
 + Level 1.8 Fighting
 + Level 1.2 Short Blades
 + Level 2.4 Armour
 + Level 3.3 Dodging
 + Level 3.9 Stealth
 + Level 4.8 Spellcasting
 + Level 4.0 Conjurations
 + Level 5.3 Fire Magic


You had 4 spell levels left.
You knew the following spells:

 Your Spells              Type           Power        Failure   Level  Hunger
a - Flame Tongue          Conj/Fire      ####.        1%          1    None
b - Throw Flame           Conj/Fire      ####..       1%          2    None
c - Sticky Flame          Conj/Fire      ####....     9%          4    ####...
d - Fireball              Conj/Fire      ####......   26%         5    #####..


Dungeon Overview and Level Annotations

Branches:
Dungeon (7/15)             Temple (0/1) D:6

Shops:
D:4 ?


Innate Abilities, Weirdness & Mutations

You have an increased reservoir of magic (+10% MP).
Your attributes are resistant to harm.
You have a pair of small horns on your head.
You are agile. (Dex +2)
Your mind is acute. (Int +2)
Your flesh is heat resistant.


Message History

You hit the red ugly thing but do no damage.
The red ugly thing is poisoned.
The red ugly thing is moderately wounded.
The red ugly thing completely misses you.
The red ugly thing barely misses you.
You hit the red ugly thing but do no damage.
You headbutt the red ugly thing, but do no damage.
The red ugly thing is moderately wounded.
The red ugly thing gores you!
You are engulfed in flames!
You resist. The red ugly thing gores you!
* * * LOW HITPOINT WARNING * * *
You are engulfed in flames.
You resist.
* * * LOW HITPOINT WARNING * * *
Read which item? (? for menu, Esc to quit)
As you read the scroll labeled BYVUAV USCHO, it crumbles to dust.
You feel strangely unstable.
It was a scroll of teleportation.
The red ugly thing looks more healthy.
The red ugly thing gores you.
* * * LOW HITPOINT WARNING * * *
You are engulfed in flames!
You resist.
You die...

#....##......
#....+.#####.
#..^.#.......
#.......###..
#.......# #..
######.....####.
#..........##...
#######.#....##...#.#.
#...u@................
##..###+###.###'###...
##..##,##...##.##..#.
##..###.....###..##.
##..#.......#...##.
##..###+###..#....
##..##,##........
##..###..#......
##..#..##......


You could see a red ugly thing.

Vanquished Creatures
  The ghost of raikaria the Stinger, an amateur OpVM of Dithmenos (Ossuary)
  A wraith (Ossuary)
  2 phantoms
  2 ogres
  2 giant frogs
  2 scorpions (D:4)
  A crimson imp (D:6)
  A hound (D:6)
  A jelly (D:6)
  6 orc wizards
  2 orc priests
  2 giant frog skeletons
  An iguana (D:6)
  3 worker ants
  2 mummies
  A hound skeleton (D:4)
  Robin (D:3)
  A gnoll (D:1)
  An adder (D:3)
  2 shadow imps
  An ooze (D:1)
  An adder zombie (D:7)
  2 worms
  2 dart slugs
  2 giant geckos
  15 orcs
  3 ball pythons
  9 giant cockroaches
  11 hobgoblins
  7 jackals (D:1)
  4 quokkas
  3 bats
  5 giant newts
  6 gnoll skeletons (Ossuary)
  14 goblins
  A jackal skeleton (D:6)
  2 kobolds
  6 kobold skeletons (Ossuary)
  13 orc skeletons (Ossuary)
  6 rats
148 creatures vanquished.

Notes
Turn   | Place    | Note
--------------------------------------------------------------
     0 | D:1      | dvd the Demigod Fire Elementalist began the quest for the Orb.
     0 | D:1      | Reached XP level 1. HP: 14/14 MP: 5/5
   304 | D:1      | Reached skill level 3 in Fire Magic
   304 | D:1      | Reached XP level 2. HP: 20/20 MP: 7/7
   311 | D:1      | Learned a level 2 spell: Throw Flame
   368 | D:1      | Reached skill level 1 in Conjurations
   665 | D:1      | Reached XP level 3. HP: 23/26 MP: 5/8
   996 | D:2      | Found a faded altar to an unknown god.
  1991 | D:3      | Noticed Robin
  2359 | D:3      | Reached XP level 4. HP: 33/33 MP: 7/10
  2372 | D:2      | Gained mutation: Your mind is acute. (Int +2) [potion of mutation]
  2372 | D:2      | Gained mutation: You have a pair of small horns on your head. [potion of mutation]
  2372 | D:2      | Gained mutation: Scrolls take you a little longer to read. [potion of mutation]
  2484 | D:3      | Killed Robin
  2686 | D:3      | Lost mutation: Scrolls take you a little longer to read. [potion of mutation]
  2686 | D:3      | Gained mutation: You are agile. (Dex +2) [potion of mutation]
  2686 | D:3      | Gained mutation: Your flesh is heat resistant. [potion of mutation]
  2846 | D:3      | Learned a level 4 spell: Sticky Flame
  3121 | D:3      | Found a white marble altar of Elyvilon.
  3126 | D:3      | Found a shattered altar of Ashenzari.
  3214 | D:4      | Reached XP level 5. HP: 29/39 MP: 4/12
  3346 | D:4      | Found Inischyn's Magic Scroll Shoppe.
  3350 | D:4      | Noticed an ogre
  3374 | D:4      | Killed an ogre
  3374 | D:4      | Reached skill level 4 in Fire Magic
  3688 | D:4      | Reached XP level 6. HP: 41/46 MP: 2/14
  4149 | D:4      | Got a faintly humming leather armour
  4162 | D:4      | Identified the cursed +0 leather armour of Keuzaur {rC+ Dex+5} (You found it on level 4 of the Dungeon)
  4341 | D:4      | Reached skill level 1 in Fighting
  4404 | D:4      | Found an oddly glowing altar of Pakellas.
  4585 | D:4      | Learned a level 5 spell: Fireball
  4610 | D:5      | Entered Level 5 of the Dungeon
  5007 | D:5      | Reached skill level 1 in Armour
  5007 | D:5      | Reached XP level 7. HP: 31/52 MP: 0/16
  5654 | D:6      | Found a staircase to the Ecumenical Temple.
  6036 | D:6      | Reached skill level 5 in Fire Magic
  6372 | D:7      | Reached XP level 8. HP: 40/59 MP: 4/18
  6479 | D:7      | Found a sand-covered staircase.
  6545 | Ossuary  | Entered an ossuary
  6689 | Ossuary  | Reached skill level 1 in Short Blades
  6696 | Ossuary  | Noticed raikaria's ghost (amateur OpVM)
  6741 | Ossuary  | Killed raikaria's ghost
  7274 | Ossuary  | Learned a level 5 spell: Fireball
  7327 | D:7      | Noticed a red ugly thing
  7360 | D:7      | Slain by a red ugly thing

Skill      XL: |  1  2  3  4  5  6  7  8 |
---------------+-------------------------+-----
Dodging        | 2 3 |  3.3
Fire Magic     | 3 4 5 |  5.3
Spellcasting   | 2 3 4 |  4.8
Conjurations   | 1 2 3 4 |  4.0
Stealth        | 2 3 |  3.9
Fighting       | 1 |  1.8
Armour         | 1 2 |  2.4
Short Blades   | 1 |  1.2

Action                   |  1- 3 |  4- 6 |  7- 9 || total
-------------------------+-------+-------+-------++-------
Melee: Dagger            |     2 |    32 |    84 ||   118
       Unarmed           |     1 |       |       ||     1
       Short sword       |     8 |     2 |       ||    10
       Headbutt          |       |    12 |    22 ||    34
 Cast: Flame Tongue      |    75 |    50 |    64 ||   189
       Throw Flame       |    15 |    34 |    12 ||    61
       Sticky Flame      |       |     5 |    13 ||    18
  Use: Scroll            |     2 |       |    11 ||    13
       Potion            |       |     3 |     2 ||     5
 Stab: Sleeping          |     5 |     2 |     3 ||    10
  Eat: Chunk             |     4 |    12 |     5 ||    21
       Beef jerky        |       |       |     1 ||     1
       Meat ration       |       |       |     1 ||     1
Armor: Robe              |     9 |     6 |       ||    15
       Leather armour    |       |     2 |    24 ||    26
Dodge: Dodged            |    31 |    47 |    69 ||   147
